[Event "Kragero Resort B 2020"]
[Site "Kragero"]
[Date "2020.02.19"]
[Round "2.6"]
[White "Strand, Amund Pihl"]
[Black "Aasen, Fredrik"]
[Result "1/2-1/2"]
[ECO "A80"]
[WhiteElo "1806"]
[BlackElo "1625"]
[Annotator "NA RC"]
[PlyCount "91"]
[EventDate "2020.02.19"]
[EventType "swiss"]
[EventCountry "NOR"]
[SourceTitle "playchess.com"]
[Source "ChessBase"]
[SourceQuality "1"]
[TimeControl "5400+30"]

1. d4 f5 2. Nf3 Nf6 3. e3 g6 4. b3 d6 5. Bb2 Bg7 6. Nbd2 {[%emt 0:04:55] A80: Dutch Defence: Unusual White second moves.} e6 7. Bd3 O-O 8. Qe2 {[%emt 0:08:05] [#]} a5 $146 ({Predecessor:} 8... Qe7 9. e4 fxe4 10. Nxe4 Nd5 11. O-O-O Nc6 12. a3 Bd7 13. g3 Rxf3 14. Qxf3 Nxd4 {1-0 (24) Dinev,D (2298)-Miskoski,M (2015) Skopje 2008}) 9. a3 Nbd7 10. O-O h6 11. e4 Kh7 12. Rad1 Nh5 {[%emt 0:04:55] [#]} 13. g3 $1 Bh8 14. Rfe1 b6 15. exf5 exf5 16. Nh4 Ng7 17. Qf3 Rb8 18. d5 Bb7 (18... Nc5 $142) 19. c4 Re8 $2 (19... a4 $16 20. bxa4 Ra8) 20. Bc2 (20. Bxg7 $142 Bxg7 {[#]} 21. Nxg6 $1 ) 20... Ne5 21. Qg2 Qd7 22. Nhf3 Nxf3+ 23. Qxf3 Rxe1+ 24. Rxe1 Re8 25. Qd1 Rxe1+ 26. Qxe1 Qe8 27. Qxe8 Nxe8 28. Bxh8 Kxh8 29. f3 Bc8 30. Kf2 Kg7 31. Ke3 Nf6 32. b4 axb4 33. axb4 Bd7 34. Kd4 Kf7 35. Nb1 c5+ 36. bxc5 (36. dxc6 $5 Bxc6 37. Bd1 $14) 36... bxc5+ 37. Ke3 Ne8 38. Nc3 Nc7 39. Na4 Bxa4 40. Bxa4 Ke7 41. f4 Na6 42. Kd3 Nb4+ 43. Kc3 Na2+ $11 44. Kc2 Nb4+ 45. Kd2 Kd8 46. Kc3 1/2-1/2

[Event "Kragero Resort B 2020"]
[Site "Kragero"]
[Date "2020.02.19"]
[Round "2.7"]
[White "Bernstein, Jonas August"]
[Black "Jensson, Erlingur"]
[Result "1-0"]
[ECO "B00"]
[WhiteElo "1798"]
[BlackElo "1611"]
[Annotator "NA RC"]
[PlyCount "135"]
[EventDate "2020.02.19"]
[EventType "swiss"]
[EventCountry "NOR"]
[SourceTitle "playchess.com"]
[Source "ChessBase"]
[SourceQuality "1"]
[TimeControl "5400+30"]

1. d4 b6 2. e4 Bb7 3. Bd3 e6 4. Nf3 d5 5. e5 Nd7 6. O-O h6 7. c3 c5 8. Nfd2 Qc7 9. a4 Ne7 10. Na3 Bc6 11. Nc2 c4 12. Be2 g6 13. Ne3 Nf5 14. Qc2 Be7 15. Nf3 b5 16. axb5 Bxb5 17. Bd2 Nb6 18. b4 Qd7 19. Ra3 Kf8 20. Rfa1 Kg7 21. Bd1 a6 22. Qc1 Rh7 23. Bc2 Rah8 24. Nd1 Nh4 25. Nxh4 Bxh4 26. Nb2 Rb8 27. Na4 Nxa4 28. Bxa4 Bd8 29. Bxb5 axb5 30. Ra7 Rb7 31. Qa3 Bb6 32. Rxb7 Qxb7 33. Qa6 Qc6 34. Ra5 Rh8 35. Qxb5 Qc7 36. Ra6 Rb8 37. Qa4 Qb7 38. Bc1 Kh7 39. f3 Qc7 40. Be3 Qb7 41. Kf2 Kg7 42. Ke2 Kh7 43. Bf2 Kg7 44. Bh4 Kh7 45. Bf6 Rc8 46. Kf2 Rb8 47. Kg3 Rc8 48. Qb5 Rb8 49. h3 Qc7 50. Qa4 Qb7 51. h4 Rc8 52. Qa1 Rb8 53. Kh3 Rc8 54. g4 Rb8 55. f4 Qd7 56. Kg3 Qb7 57. Kh3 Rc8 58. Qa4 Rb8 59. Qa2 Rc8 60. Kg2 Rb8 61. Qa4 Rc8 62. Kf3 Rb8 63. Qb5 Qc7 64. Qa4 Qb7 65. Qa1 Rc8 66. Ra2 Rb8 67. h5 Bd8 68. hxg6+ 1-0

[Event "Kragero Resort B 2020"]
[Site "Kragero"]
[Date "2020.02.19"]
[Round "2.8"]
[White "Haug, Havard"]
[Black "Austad, Eirik"]
[Result "1/2-1/2"]
[ECO "B08"]
[WhiteElo "1626"]
[BlackElo "1796"]
[Annotator "NA RC"]
[PlyCount "116"]
[EventDate "2020.02.19"]
[EventType "swiss"]
[EventCountry "NOR"]
[SourceTitle "playchess.com"]
[Source "ChessBase"]
[SourceQuality "1"]
[TimeControl "5400+30"]

1. e4 d6 2. d4 Nf6 3. Nc3 g6 4. Nf3 Bg7 5. Bc4 Nxe4 6. Bxf7+ Kxf7 7. Nxe4 Rf8 8. O-O Kg8 9. h3 Nd7 10. c3 Nf6 11. Nxf6+ Bxf6 12. Bh6 Re8 13. Qb3+ e6 14. Bf4 b6 15. Rfe1 Qe7 16. Re3 c5 17. dxc5 bxc5 18. Rd1 Rd8 19. Rde1 Kg7 20. Qc2 e5 21. Bg3 Bf5 22. Qd1 Qf7 23. b3 g5 24. Nh2 h5 25. f3 a5 26. a4 c4 27. bxc4 Qxc4 28. Bf2 d5 29. Rxe5 Bxe5 30. Rxe5 Qd3 31. Qc1 Qb1 32. Qxb1 Bxb1 33. Rxg5+ Bg6 34. g4 hxg4 35. h4 g3 36. Bxg3 Kf7 37. h5 Bc2 38. Ng4 Bxa4 39. h6 Bc2 40. Rg7+ Ke6 41. Bh4 Rd7 42. Rg5 a4 43. Re5+ Kf7 44. Nf6 Rd6 45. Nxd5 Rxh6 46. Bg5 Rc6 47. f4 a3 48. Re7+ Kg8 49. Nf6+ Kh8 50. Bh6 Rg8+ 51. Nxg8 Kxg8 52. Ra7 Rxc3 53. Bg7 Rg3+ 54. Kf2 Rxg7 55. Rxa3 Be4 56. Rg3 Rxg3 57. Kxg3 Bb1 58. f5 Bxf5 1/2-1/2

[Event "Kragero Resort B 2020"]
[Site "Kragero"]
[Date "2020.02.19"]
[Round "2.9"]
[White "Pettersen, Joran Sten"]
[Black "Sivertsen, Jarle"]
[Result "0-1"]
[ECO "D03"]
[WhiteElo "1792"]
[BlackElo "1606"]
[Annotator "NA RC"]
[PlyCount "104"]
[EventDate "2020.02.19"]
[EventType "swiss"]
[EventCountry "NOR"]
[SourceTitle "playchess.com"]
[Source "ChessBase"]
[SourceQuality "1"]
[TimeControl "5400+30"]

1. d4 Nf6 2. Nf3 d5 3. c3 e6 4. Bg5 Nbd7 5. e3 c5 6. Nbd2 h6 7. Bh4 Bd6 8. Bd3 O-O 9. Qe2 e5 10. dxe5 Nxe5 11. Nxe5 Bxe5 12. Nf3 Bc7 13. O-O Bg4 14. Rad1 g5 15. Bg3 Bxg3 16. hxg3 Qe7 17. Qc2 Rad8 18. Be2 Rfe8 19. Rfe1 b6 20. Kf1 Kg7 21. c4 dxc4 22. Bxc4 Ne4 23. Bb5 Rh8 24. Bc6 Bxf3 25. gxf3 Nf6 26. f4 Qe6 27. Qa4 a6 28. Bg2 a5 29. a3 Rhe8 30. Rxd8 Rxd8 31. fxg5 hxg5 32. Rd1 Rxd1+ 33. Qxd1 Qc4+ 34. Kg1 b5 35. Bf1 Qa2 36. Qc2 c4 37. Bg2 b4 38. axb4 axb4 39. Bf1 c3 40. Qf5 Qd5 41. Qc2 Qc5 42. Be2 Kf8 43. b3 Ke7 44. Bc4 Qe5 45. Qd3 Ne4 46. Bd5 Nd2 47. f4 gxf4 48. gxf4 Qg7+ 49. Kf2 Qh6 50. Kg2 Qg6+ 51. Qxg6 fxg6 52. Kf2 c2 0-1

[Event "Kragero Resort B 2020"]
[Site "Kragero"]
[Date "2020.02.19"]
[Round "2.10"]
[White "Nordquelle, Amelia"]
[Black "Kveim, Ingvar Torjesen"]
[Result "0-1"]
[ECO "A70"]
[WhiteElo "1768"]
[BlackElo "1584"]
[Annotator "NA RC"]
[PlyCount "144"]
[EventDate "2020.02.19"]
[EventType "swiss"]
[EventCountry "NOR"]
[SourceTitle "playchess.com"]
[Source "ChessBase"]
[SourceQuality "1"]
[TimeControl "5400+30"]

1. d4 Nf6 2. c4 c5 3. d5 e6 4. Nc3 exd5 5. cxd5 d6 6. g3 g6 7. Bg2 Bg7 8. Nf3 O-O 9. O-O Bg4 10. Re1 Bxf3 11. Bxf3 a6 12. a4 Nbd7 13. a5 Qc7 14. Bd2 Rfe8 15. Qc2 Ne5 16. Bg2 Nc4 17. Na4 Nxd2 18. Qxd2 Nd7 19. Bh3 Rad8 20. Rac1 Re4 21. Bxd7 Qxd7 22. Nb6 Qb5 23. e3 Rb4 24. Ra1 Rxb2 25. Qd1 Bc3 26. Na4 Rd2 27. Nxc3 Rxd1 28. Nxb5 Rxe1+ 29. Rxe1 axb5 30. Kf1 Ra8 31. Ra1 Kg7 32. Ke2 Kf6 33. Kd3 Ke5 34. e4 g5 35. f4+ gxf4 36. gxf4+ Kxf4 37. Rf1+ Kg4 38. Rxf7 Rxa5 39. Rxh7 Ra3+ 40. Kd2 Kf4 41. Re7 Ra2+ 42. Kd3 Rxh2 43. Rf7+ Kg5 44. Rg7+ Kf6 45. Rd7 Rh3+ 46. Kd2 Ke5 47. Re7+ Kd4 48. Re6 Rh2+ 49. Kd1 Rh5 50. Kd2 Re5 51. Rxd6 Kxe4 52. Rb6 Kxd5 53. Rxb5 Kc6 54. Ra5 b5 55. Kd3 Rd5+ 56. Kc3 Kb6 57. Ra8 b4+ 58. Kb3 Rd3+ 59. Kb2 Kb5 60. Rf8 Kc4 61. Rf2 Re3 62. Kc2 b3+ 63. Kb2 Kb4 64. Rg2 c4 65. Rg1 Re2+ 66. Kb1 c3 67. Rc1 Rb2+ 68. Ka1 Ra2+ 69. Kb1 c2+ 70. Rxc2 Rxc2 71. Ka1 Ka3 72. Kb1 Rh2 0-1

[Event "Kragero Resort B 2020"]
[Site "Kragero"]
[Date "2020.02.19"]
[Round "2.11"]
[White "Rynning, Rune Kleiven"]
[Black "Sekkingstad, Thomas"]
[Result "1-0"]
[ECO "B19"]
[WhiteElo "1625"]
[BlackElo "1758"]
[Annotator "NA RC"]
[PlyCount "83"]
[EventDate "2020.02.19"]
[EventType "swiss"]
[EventCountry "NOR"]
[SourceTitle "playchess.com"]
[Source "ChessBase"]
[SourceQuality "1"]
[TimeControl "5400+30"]

1. e4 c6 2. d4 d5 3. Nc3 dxe4 4. Nxe4 Bf5 5. Ng3 Bg6 6. h4 h6 7. Nf3 Nd7 8. h5 Bh7 9. Bd3 Bxd3 10. Qxd3 Ngf6 11. Bd2 Qc7 12. O-O-O O-O-O 13. Ne2 e6 14. Bf4 Bd6 15. Bxd6 Qxd6 16. Kb1 Rhe8 17. Nc3 Qf4 18. Rh4 Qc7 19. Ne4 Nxe4 20. Qxe4 Nf6 21. Qe5 Rd6 22. Qg3 Rg8 23. Ne5 Rdd8 24. Rd3 Qe7 25. Rb3 Nd7 26. Nc4 Nb6 27. Rxb6 Qg5 28. Rb3 c5 29. Qxg5 hxg5 30. Re4 f5 31. Rxe6 Rxd4 32. Ne3 f4 33. c3 Rd2 34. Ng4 Rd1+ 35. Kc2 Rgd8 36. Re2 Rg1 37. f3 Rdd1 38. Ne5 Kc7 39. Nc4 Kc6 40. Na5+ Kd5 41. c4+ Kd6 42. Nxb7+ 1-0

[Event "Kragero Resort B 2020"]
[Site "Kragero"]
[Date "2020.02.19"]
[Round "2.12"]
[White "Myagmarsuren, Evsuld"]
[Black "Aasen, Joakim"]
[Result "1/2-1/2"]
[ECO "B43"]
[WhiteElo "1497"]
[BlackElo "1745"]
[Annotator "NA RC"]
[PlyCount "120"]
[EventDate "2020.02.19"]
[EventType "swiss"]
[EventCountry "NOR"]
[SourceTitle "playchess.com"]
[Source "ChessBase"]
[SourceQuality "1"]
[TimeControl "5400+30"]

1. e4 c5 2. Nf3 e6 3. d4 cxd4 4. Nxd4 a6 5. Nc3 Qc7 6. Be2 b5 7. O-O Bb7 8. f4 d6 9. Bf3 Nd7 10. Re1 Be7 11. e5 dxe5 12. fxe5 Bc5 13. Kh1 Rd8 14. Bf4 Nb6 15. Bxb7 Qxb7 16. Qf3 Qxf3 17. Nxf3 Bb4 18. Be3 Nc4 19. a3 Bxc3 20. bxc3 Nxe3 21. Rxe3 Ne7 22. Rd3 Nd5 23. Rad1 Ke7 24. Nd4 Rc8 25. Kg1 Rc4 26. Nf5+ Kf8 27. Ne3 Rc5 28. Nxd5 exd5 29. Rxd5 Rxd5 30. Rxd5 Ke7 31. Rc5 Rd8 32. c4 Rd1+ 33. Kf2 Rd2+ 34. Kf3 Rxc2 35. Rc7+ Ke6 36. Rc6+ Kxe5 37. Rxa6 bxc4 38. a4 Ra2 39. a5 Kd4 40. Ra7 c3 41. a6 c2 42. Rc7 Ra3+ 43. Ke2 Rc3 44. Rxc3 Kxc3 45. a7 c1=Q 46. a8=Q Qc2+ 47. Kf3 Qf5+ 48. Kg3 Qg6+ 49. Kf3 Qf6+ 50. Kg3 Kd3 51. Qd5+ Ke3 52. Qb3+ Ke4 53. Qc4+ Kf5 54. Qd3+ Ke5 55. Qxh7 Qf4+ 56. Kh3 g5 57. Qh8+ f6 58. Qb8+ Kf5 59. Qxf4+ Kxf4 60. g4 Kf3 1/2-1/2

[Event "Kragero Resort B 2020"]
[Site "Kragero"]
[Date "2020.02.20"]
[Round "3.1"]
[White "Solaas, Timian Martinius Man"]
[Black "Skaslien, Ingrid"]
[Result "1-0"]
[ECO "B07"]
[WhiteElo "1741"]
[BlackElo "1847"]
[Annotator "NA RC"]
[PlyCount "59"]
[EventDate "2020.02.19"]
[EventType "swiss"]
[EventCountry "NOR"]
[SourceTitle "playchess.com"]
[Source "ChessBase"]
[SourceQuality "1"]
[TimeControl "5400+30"]

1. e4 d6 2. d4 Nf6 3. Bd3 e5 4. d5 c6 5. c4 a5 6. Nc3 {[%emt 0:01:52] B07: Pirc Defence: Miscellaneous Systems.} Be7 7. Nge2 Nbd7 8. O-O O-O 9. h3 Nc5 10. f4 (10. Bc2 $14) 10... Nfd7 (10... b5 $5) 11. Bc2 {[%emt 0:05:53] [#]} f5 $146 ({Predecessor:} 11... exf4 $11 {keeps the balance.} 12. Bxf4 Ne5 13. Nd4 Qb6 14. b3 Ncd3 15. Be3 Bg5 16. Qe2 Bxe3+ 17. Qxe3 Nc5 {0-1 (33) Smagulov,A (1828)-Turikov,V (2334) Dresden 2010}) 12. exf5 exf4 13. Nxf4 Ne5 14. g4 Qb6 15. Be3 Nxc4 (15... Qxb2 $16 {was necessary.} 16. Bd4 Qb4) 16. Qe2 (16. Na4 $16 Qc7 17. Bxc5 dxc5 18. Qd3) 16... Nxe3 17. Qxe3 Bd8 18. Kh1 (18. Rad1 $11) 18... cxd5 19. Nfxd5 Qc6 20. Rad1 Re8 21. Qf3 Bd7 (21... Re5 $142 22. Kh2 Qe8) 22. Kh2 Bf6 23. Nxf6+ gxf6 $18 24. Nd5 Kg7 25. g5 Qb5 26. Rf2 Qxb2 27. Nxf6 Qe5+ 28. Kg1 Rf8 29. Re2 Bc6 30. Qg4 1-0

[Event "Kragero Resort B 2020"]
[Site "Kragero"]
[Date "2020.02.20"]
[Round "3.2"]
[White "Leonhardsen, Vebjorn Maanum"]
[Black "Espeland, Jonatan"]
[Result "1-0"]
[ECO "E97"]
[WhiteElo "1845"]
[BlackElo "1737"]
[Annotator "NA RC"]
[PlyCount "109"]
[EventDate "2020.02.19"]
[EventType "swiss"]
[EventCountry "NOR"]
[SourceTitle "playchess.com"]
[Source "ChessBase"]
[SourceQuality "1"]
[TimeControl "5400+30"]

1. Nf3 g6 2. d4 Bg7 3. c4 d6 4. Nc3 Nf6 5. e4 O-O 6. Be2 e5 7. O-O Nc6 8. d5 Ne7 9. Be3 Ng4 10. Bd2 {[%emt 0:05:00] E97: King's Indian: Classical Main Line (6...e5 7 0-0 Nc6): 8 Be3 and 8 d5 Ne7, not 9 Ne1.} f5 11. Ne1 Nf6 12. f3 f4 13. Nd3 g5 14. b4 h5 15. c5 {[%emt 0:07:01] [#]} c6 $146 ({Predecessor:} 15... Ng6 16. a4 Rf7 17. Nb2 Bf8 18. cxd6 cxd6 19. Nc4 Rg7 20. b5 g4 {0-1 (28) Danlag,D-Weeramantry,S (2295) Alexandria 1996}) 16. dxc6 Nxc6 17. Be1 Nd4 18. Bf2 dxc5 19. Nxc5 b6 20. Bc4+ Kh7 21. Nb3 Be6 22. Bxe6 Nxe6 23. Qe2 Qe7 24. a3 (24. Nd5 $5 Qf7 25. Rac1 $11) 24... Rac8 25. Nd5 Qf7 26. Rfd1 Rfd8 $11 27. Rac1 Nc7 28. Rxc7 Rxc7 29. Nxc7 Rxd1+ 30. Qxd1 Qxc7 31. Qd3 Bf8 32. Be1 Bd6 33. Bd2 Qc6 34. Nc1 Ne8 35. Qc3 Qxc3 36. Bxc3 Kg6 37. Nd3 Kf6 38. h4 g4 39. Nxf4 Ng7 40. fxg4 hxg4 41. Kf2 a5 42. Nd5+ Ke6 43. Nxb6 axb4 44. axb4 Nh5 45. Nd5 Nf4 46. Nxf4+ exf4 47. h5 Kf7 48. e5 Be7 49. b5 Bc5+ 50. Kf1 Ke6 51. h6 Kf7 52. e6+ Kg6 53. b6 Kxh6 54. b7 Bd6 55. e7 1-0

[Event "Kragero Resort B 2020"]
[Site "Kragero"]
[Date "2020.02.20"]
[Round "3.3"]
[White "Sivertsen, Jarle"]
[Black "Seo, Jung Hyun"]
[Result "0-1"]
[ECO "A13"]
[WhiteElo "1606"]
[BlackElo "1816"]
[Annotator "NA RC"]
[PlyCount "96"]
[EventDate "2020.02.19"]
[EventType "swiss"]
[EventCountry "NOR"]
[SourceTitle "playchess.com"]
[Source "ChessBase"]
[SourceQuality "1"]
[TimeControl "5400+30"]

1. Nf3 d5 2. g3 Nf6 3. c4 e6 4. Bg2 dxc4 5. Qa4+ Bd7 6. Qxc4 Bc6 7. O-O Be7 {[%emt 0:01:35] A13: English Opening: 1...e6.} 8. Nc3 a6 9. d4 b5 10. Qb3 Nbd7 11. Rd1 O-O 12. Bg5 {[%emt 0:07:01] [#]} Nb6 $146 ({Predecessor:} 12... h6 13. Bxf6 Nxf6 14. Rac1 Qe8 15. a3 Rc8 16. Qc2 a5 17. d5 exd5 18. Ne5 Ba8 19. Nxd5 Bxd5 20. Bxd5 {1-0 (46) Romanov,E (2619)-Moiseenko,V (2552) Batumi 2018}) 13. Ne5 Bxg2 14. Kxg2 Qc8 15. Rac1 Qb7+ 16. Kg1 h6 17. Bxf6 Bxf6 18. Nf3 Rfd8 19. Qc2 Rac8 20. Ne4 Be7 $1 21. Ne5 c5 (21... Nc4 $14) 22. dxc5 ({White should try} 22. Nxc5 $16 Rxd4 23. Rxd4 (23. Nxb7 Rxc2 24. Rxc2 Rxd1+ 25. Kg2 Bf6 $11) 23... Bxc5 24. Qxc5 Rxc5 25. Rxc5) 22... Rxd1+ 23. Rxd1 Qc7 24. Nd3 f5 25. Nd2 (25. Qb3 $5 Nc4 26. Nd2 Bxc5 27. Rc1 $11) 25... Bxc5 26. Nxc5 Qxc5 27. Qxc5 Rxc5 28. Nb3 Rc2 29. Rd6 Nc4 $11 30. Rxa6 Rxe2 31. Nd4 Rxb2 32. Nxe6 Kf7 33. Nd4 g6 34. Kg2 Ne3+ 35. Kf3 Ng4 36. Ne2 Nxh2+ 37. Ke3 Ng4+ 38. Kf3 g5 39. Ra3 Ne5+ 40. Kg2 Rxe2 41. Rb3 Ng4 42. Rxb5 Rxf2+ 43. Kg1 Rxa2 44. Rxf5+ Kg6 45. Rb5 Ne3 46. Rb3 Rg2+ 47. Kh1 Rxg3 48. Kh2 Nf1+ 0-1

[Event "Kragero Resort B 2020"]
[Site "Kragero"]
[Date "2020.02.20"]
[Round "3.4"]
[White "Westrum, Kim Roger Hansen"]
[Black "Lystad, Maximilian L"]
[Result "1/2-1/2"]
[ECO "C06"]
[WhiteElo "1809"]
[BlackElo "1710"]
[Annotator "NA RC"]
[PlyCount "77"]
[EventDate "2020.02.19"]
[EventType "swiss"]
[EventCountry "NOR"]
[SourceTitle "playchess.com"]
[Source "ChessBase"]
[SourceQuality "1"]
[TimeControl "5400+30"]

1. e4 e6 2. d4 d5 3. Nd2 Nf6 4. e5 Nfd7 5. Bd3 c5 6. c3 Nc6 7. Ne2 cxd4 8. cxd4 f6 9. exf6 Nxf6 10. Nf3 Bd6 11. Bf4 Qa5+ 12. Kf1 Qc7 13. Bxd6 {[%emt 0:07:34] C06: French Tarrasch: 3...Nf6 4 e5 Nfd7 5 Bd3 main lines.} ({White should try} 13. g3 $14) 13... Qxd6 {[%emt 0:00:08] [#]} 14. g3 $146 ({Predecessor:} 14. Bb5 O-O 15. Bxc6 bxc6 16. Rc1 Ba6 17. Kg1 Rac8 18. Qc2 Ne4 19. Ng3 Rf4 20. h4 c5 21. Nxe4 dxe4 22. dxc5 {½-½ (47) Kuratov,V (2225)-Arslanov,S (2421) St Petersburg 2012}) 14... O-O 15. Kg2 $1 e5 16. dxe5 Nxe5 17. Ned4 (17. Nxe5 $11 Qxe5 18. Re1) 17... Nxf3 18. Nxf3 {[%emt 0:00:12] [#]} Bg4 $1 19. Be2 Ne4 20. Rf1 $1 Qd7 21. Ng1 Bxe2 22. Nxe2 Ng5 23. Nd4 Rf6 24. f3 Raf8 25. Qe2 h5 26. Kh1 Qf7 27. f4 h4 28. Qg4 {[%emt 0:05:33] [#]} (28. gxh4 $15 Ne4 29. f5) 28... hxg3 $1 29. hxg3 $19 {[%emt 0:02:51] [#]} (29. Qxg3 $17 Rxf4 30. Rxf4 Qxf4 31. Rg1) 29... Ne4 $1 30. Nf3 Rg6 31. Ng5 Qe7 32. Kg2 Nxg5 33. Rae1 Qb4 34. Qh5 Qxb2+ 35. Re2 Qf6 36. Rfe1 Ne4 37. Qxd5+ Qe6 38. Qxe6+ Rxe6 39. Rxe4 1/2-1/2

[Event "Kragero Resort B 2020"]
[Site "Kragero"]
[Date "2020.02.20"]
[Round "3.6"]
[White "Opseth, Oliver"]
[Black "Rynning, Rune Kleiven"]
[Result "0-1"]
[ECO "B21"]
[WhiteElo "1894"]
[BlackElo "1625"]
[Annotator "NA RC"]
[PlyCount "72"]
[EventDate "2020.02.19"]
[EventType "swiss"]
[EventCountry "NOR"]
[SourceTitle "playchess.com"]
[Source "ChessBase"]
[SourceQuality "1"]
[TimeControl "5400+30"]

1. e4 c5 2. d4 cxd4 3. c3 dxc3 4. Nxc3 Nc6 5. Nf3 d6 6. Bc4 e6 7. O-O Be7 8. Qe2 Bd7 9. Rd1 a6 10. a4 {[%emt 0:04:54] B21: Sicilian: 2 f4 and Morra Gambit.} Qc7 {[%emt 0:04:56] [#]} 11. Rb1 $146 ({Predecessor:} 11. Bf4 Ne5 12. Bxe5 dxe5 13. Rac1 Nf6 14. Bxe6 fxe6 15. Nd5 Nxd5 16. Rxc7 Nxc7 17. Nxe5 O-O-O {1-0 (37) Stone,A (1933)-Sellen,I (2007) Wellington 2014}) 11... Rc8 12. b4 $2 {[%emt 0:05:48] [#]} ({White should play} 12. Be3 $15) 12... Nxb4 $2 (12... Ne5 $1 $19 13. Bd3 Qxc3) 13. Rxb4 a5 $1 14. Rxb7 Qxb7 15. Ba6 Qc7 16. Nb5 {[%emt 0:03:42] [#]} Qc2 $2 (16... Qxc1 $1 $19 17. Rxc1 Rxc1+ 18. Ne1 Nf6) 17. Qxc2 Rxc2 18. Bd2 $2 (18. Nfd4 $17 Ra2 19. Nc3) 18... Nf6 19. e5 Ne4 20. Bxa5 d5 ({Not} 20... Nxf2 21. Rd2 $17) ({Inferior is} 20... Rxf2 21. exd6 Bf6 22. Re1 $14) 21. Nc7+ Kf8 22. Nd4 Rxf2 23. Bb6 $19 Bxa4 24. Rb1 Rd2 25. Bf1 g6 26. Ra1 Bc5 27. Bxc5+ Nxc5 28. Nf3 Rd1 29. Ra2 Bb3 30. Rf2 Bc4 31. Nd2 Bxf1 32. Nxf1 Kg7 33. g4 Rc8 34. Nb5 Ne4 35. Rf4 g5 36. Rf3 Nd2 0-1

[Event "Kragero Resort B 2020"]
[Site "Kragero"]
[Date "2020.02.20"]
[Round "3.7"]
[White "Solli, Jarle"]
[Black "Aasen, Kjetil Myrlid"]
[Result "0-1"]
[ECO "A60"]
[WhiteElo "1732"]
[BlackElo "1892"]
[Annotator "NA RC"]
[PlyCount "86"]
[EventDate "2020.02.19"]
[EventType "swiss"]
[EventCountry "NOR"]
[SourceTitle "playchess.com"]
[Source "ChessBase"]
[SourceQuality "1"]
[TimeControl "5400+30"]

1. d4 Nf6 2. c4 c5 3. d5 e6 4. Nc3 exd5 5. Nxd5 Nxd5 6. Qxd5 Nc6 7. Bd2 {[%emt 0:02:31] A60: Modern Benoni: Early Divergences.} d6 8. e3 Be6 9. Qe4 Be7 10. Nf3 Bf6 11. Bc3 Bxc3+ 12. bxc3 Qa5 {[%emt 0:11:40] [#]} 13. Qc2 $146 ({Predecessor:} 13. Bd3 Qxc3+ 14. Ke2 Nb4 15. Rac1 Qxd3+ 16. Qxd3 Nxd3 17. Kxd3 b6 18. e4 f5 19. Ng5 fxe4+ 20. Kxe4 {0-1 (40) Rosello,C-Sarmiento Alfonso,B (2280) Gran Canaria 1989}) 13... Qa6 14. Nd2 O-O 15. Bd3 h6 16. O-O Ne5 17. Rfd1 (17. e4 $15) 17... Rfd8 (17... Nxd3 $17 18. Qxd3 {[#]} d5 $1 ) 18. Be4 Nxc4 19. Nxc4 Bxc4 20. Bd5 Rd7 21. Qe4 Bxd5 22. Qxd5 Rad8 23. a4 b6 24. c4 Qb7 25. e4 Qxd5 26. Rxd5 f6 27. f4 Re8 28. Re1 Rde7 29. e5 dxe5 30. f5 Kf7 31. Re4 Rb7 32. Kf2 (32. Re1 $142) 32... Ree7 33. Re2 Red7 34. Red2 Ke7 35. Ke3 (35. Rxd7+ $142 Rxd7 36. Rb2) 35... Rxd5 36. Rxd5 Rd7 37. Ke4 Rd6 38. g4 Rc6 $2 (38... Rxd5 39. Kxd5 Kd7) 39. h3 $2 (39. Rd3) 39... Rd6 40. h4 Rxd5 41. Kxd5 $19 Kd7 42. g5 hxg5 43. hxg5 Ke7 0-1

[Event "Kragero Resort B 2020"]
[Site "Kragero"]
[Date "2020.02.20"]
[Round "3.8"]
[White "Haugen, Lars Tormod"]
[Black "Strand, Amund Pihl"]
[Result "0-1"]
[ECO "A17"]
[WhiteElo "1598"]
[BlackElo "1806"]
[Annotator "NA RC"]
[PlyCount "88"]
[EventDate "2020.02.19"]
[EventType "swiss"]
[EventCountry "NOR"]
[SourceTitle "playchess.com"]
[Source "ChessBase"]
[SourceQuality "1"]
[TimeControl "5400+30"]

1. c4 Nf6 2. Nc3 e6 3. Nf3 d5 4. e3 b6 5. b3 Bb7 6. Bb2 {[%emt 0:00:35] A17: English Opening: 1...Nf6 with ...Bb4.} Bd6 7. Qc2 O-O 8. cxd5 exd5 9. Nb5 {[%emt 0:08:22] [#]} Bc5 $146 ({Predecessor:} 9... c5 $11 {keeps the balance.} 10. Nxd6 Qxd6 11. d4 Nbd7 12. dxc5 bxc5 13. Be2 Rac8 14. O-O c4 15. Bd4 Ba6 16. bxc4 Bxc4 17. Bxc4 Rxc4 {0-1 (29) Gaifullin,A (2448)-Goganov,A (2612) St Petersburg 2018}) 10. b4 Bd6 11. a3 c6 12. Nxd6 Qxd6 13. Bd3 Nbd7 14. g4 (14. Rb1 $14) 14... c5 15. g5 (15. bxc5 $15 bxc5 16. g5) 15... Ne4 16. Bxe4 (16. h4 $17 {is a better defense.}) 16... dxe4 17. Qc3 (17. Ng1 {might work better.}) 17... f6 18. Nh4 Ne5 19. O-O-O (19. gxf6 $142 Nd3+ {[%mdl 64] Double Attack, Zwischenzug} 20. Ke2 Nxb2 21. Qxb2 Qd3+ 22. Kd1 Rxf6 23. Rg1) 19... cxb4 20. Qd4 Qxd4 $19 (20... Qe6 21. Rdg1 Nc6 22. gxf6 Nxd4 23. Rxg7+ Kh8 24. Bxd4 Qc4+ 25. Kb2 bxa3+ 26. Kxa3 Bd5 27. Rg8+ Rxg8 28. f7+ {[#]} Rg7 $1 29. Kb2 Qa2+ 30. Kc1 Rc8+ 31. Bc3 Bb3 32. f8=Q+ Rxf8 33. Bxg7+ Kg8 34. Bb2 Rc8+ 35. Bc3 Qc2#) 21. Bxd4 Nd3+ ({Don't play} 21... fxg5 22. Bxe5 Rac8+ 23. Kb1 $19) ({Much less strong is} 21... bxa3 22. gxf6 gxf6 23. Kb1 $19) 22. Kb1 Nxf2 23. gxf6 Nxh1 24. Rxh1 bxa3 25. Rg1 g6 26. Nxg6 hxg6 27. Rxg6+ Kf7 28. Rg7+ Ke6 29. Rxb7 Rf7 30. Rxf7 Kxf7 31. Ka2 Rh8 32. Kxa3 Rxh2 33. Bc3 Rf2 34. Kb4 Rxf6 35. Kb5 Ke6 36. Bd4 Rf7 37. Ka6 Kd5 38. Kb5 Rc7 39. Ka6 Kc4 40. Be5 Rd7 41. Bc3 b5 42. Ka5 Rd3 43. Bb4 Rb3 44. Bd6 Rb2 0-1

[Event "Kragero Resort B 2020"]
[Site "Kragero"]
[Date "2020.02.20"]
[Round "3.9"]
[White "Frovik, Einar Clausen"]
[Black "Austad, Eirik"]
[Result "0-1"]
[ECO "B07"]
[WhiteElo "1563"]
[BlackElo "1796"]
[Annotator "NA RC"]
[PlyCount "108"]
[EventDate "2020.02.19"]
[EventType "swiss"]
[EventCountry "NOR"]
[SourceTitle "playchess.com"]
[Source "ChessBase"]
[SourceQuality "1"]
[TimeControl "5400+30"]

1. e4 d6 2. d4 Nf6 3. Nc3 c6 4. f3 g6 5. Nge2 h5 6. e5 dxe5 7. dxe5 Qxd1+ 8. Nxd1 Nd5 9. Ne3 Nxe3 10. Bxe3 Bg7 11. f4 Na6 12. Nc3 Nb4 13. O-O-O Bf5 14. Bd3 Nxd3+ 15. cxd3 b6 16. Ne4 O-O-O 17. Ng5 Rhf8 18. d4 Bh6 19. Nf3 Be4 20. Rhf1 Rd7 21. Rf2 Rfd8 22. Nd2 Bf5 23. h3 f6 24. Nf3 c5 25. Rfd2 cxd4 26. Nxd4 Rc7+ 27. Nc2 Rxd2 28. Rxd2 Rxc2+ 29. Rxc2+ Bxc2 30. Kxc2 fxe5 31. g3 exf4 32. Bf2 e5 33. Kd3 Kd7 34. Ke4 Ke6 35. a4 fxg3 36. Bxg3 Bf4 37. Bxf4 exf4 38. Kxf4 Kf6 39. h4 a5 40. b3 g5+ 41. hxg5+ Kg6 42. Ke5 Kxg5 43. Kd6 h4 44. Kc6 h3 45. Kxb6 h2 46. Kxa5 h1=Q 47. b4 Qa8+ 48. Kb5 Kf5 49. a5 Qb7+ 50. Kc5 Ke5 51. b5 Qc7+ 52. Kb4 Kd4 53. a6 Qb6 54. Ka4 Kc3 0-1